Map: Oceanborn LE

Players

SubN

  • Race: Zerg Zerg
  • League: Diamond
  • Spawn Location: 11:00

ninjaling - Winner!

  • Race: Zerg Zerg
  • League: Diamond
  • Spawn Location: 5:00

VOD

Have the link to the VOD?

Description

Time

  • Played on: Jan. 18, 2024, 6:56 p.m.
  • Length: 4:18
Show
View Real Time Build Order
Export as new Build Order

SubN Zerg 

Build Orders: Hatch First 

Get SALT Encoding   

  12  0:00  Drone  
  13  0:12  Overlord  
  13  0:16  Drone  
  14  0:30  Drone x2  
  16  0:49  Hatchery  
  15  0:51  Drone  
  15  0:54  Drone  
  17  0:57  Drone  
  18  1:05  Extractor  
  17  1:13  Spawning Pool  
  17  1:16  Drone  
  17  1:20  Drone  
  18  1:27  Drone  
  19  1:40  Overlord  
  19  2:01  Queen  
  19  2:02  Queen  
  19  2:03  Zergling x6  
  26  2:10  Drone  
  26  2:14  Drone  
  26  2:15  Metabolic Boost  
  28  2:21  Drone  
  30  2:22  Drone  
  30  2:33  Overlord  
  30  2:49  Queen  
  30  2:50  Drone x3  
  35  2:56  Lair  
  35  3:03  Drone  
  36  3:07  Drone x3  
  39  3:14  Roach Warren  
  38  3:20  Overlord  
  38  3:24  Overlord  
  38  3:26  Extractor  
  37  3:28  Drone x4  
  38  3:56  Drone x8  
  38  4:00  Drone x2, Extractor x2  
  38  4:01  Drone  
Show
View Real Time Build Order
Export as new Build Order

ninjaling Zerg - Winner!

Build Orders: Hatch First 

Get SALT Encoding   

  12  0:00  Drone  
  13  0:11  Drone  
  14  0:18  Extractor  
  14  0:19  Drone  
  14  0:20  Extractor  
  13  0:22  Drone  
  13  0:27  Overlord  
  16  0:51  Hatchery  
  15  1:04  Spawning Pool  
  14  1:07  Drone  
  14  1:10  Drone  
  16  1:20  Drone x2  
  18  1:33  Drone, Extractor  
  18  1:37  Extractor  
  17  1:43  Overlord  
  17  1:51  Zergling x2  
  17  1:52  Queen  
  20  2:04  Zergling x2  
  21  2:09  Queen  
  21  2:11  Drone  
  24  2:19  Spine Crawler  
  23  2:24  Drone x2  
  25  2:43  Metabolic Boost  
  25  2:44  Zergling x4  
  25  2:51  Spine Crawler  
  26  2:55  Zergling x4  
  27  3:00  Zergling x2  
  28  3:10  Zergling x4  
  28  3:11  Zergling x2  
  31  3:19  Zergling x4  
  33  3:24  Evolution Chamber  
  33  3:26  Zergling x2  
  33  3:35  Zergling x4  
  35  3:58  Overlord  
Tags
 
Add a new tag
Caveats
  • Supply blocks, unpowered buildings, or Contaminate may cause inaccurate times.
  • Supply counts are checked every 10 seconds.